 Dungeon Crawl Stone Soup version 0.24.0-123-gd5b16e6ec5 (webtiles) character file.

Game seed: 16251746426379137470, levelgen mode: deterministic

924 FishyPogo the Covered (level 7, -4/55 HPs)
             Began as a Demonspawn Gladiator on Jan 25, 2020.
             Was a Priest of Dithmenos.
             Slain by a cyclops (24 damage)
             ... on level 6 of the Dungeon.
             The game lasted 00:12:09 (4726 turns).

FishyPogo the Covered (Demonspawn Gladiator)        Turns: 4726, Time: 00:12:10

Health: -4/55      AC: 11    Str: 13 (16) XL:     7   Next: 84%
Magic:  7/7        EV: 12    Int:  9      God:    Dithmenos [***...]
Gold:   300        SH:  0    Dex: 14 (15) Spells: 6/6 levels left

rFire    . . .     SeeInvis .   a - +0 rapier
rCold    . . .     Gourm    .   (no shield)
rNeg     + . .     Faith    .   d - +3 ring mail
rPois    .         Spirit   .   (helmet restricted)
rElec    .         Reflect  .   (no cloak)
rCorr    .         Harm     .   (no gloves)
MR       +....                  (no boots)
Stlth    ++........             (no amulet)
HPRegen  0.18/turn              p - ring of positive energy
MPRegen  0.10/turn              o - ring of protection from magic

@: wreathed by umbra
A: antennae 2, hooves 1, thin metallic scales 1, demonic guardian 1, screaming
1, MP-powered wands
a: Shadow Step, Renounce Religion


You were on level 6 of the Dungeon.
You worshipped Dithmenos.
Dithmenos was most pleased with you.
You were hungry.

You visited 1 branch of the dungeon, and saw 6 of its levels.

You collected 300 gold pieces.

Inventory:

Hand Weapons
 a - a +0 rapier (weapon)
 b - a +0 hunting sling of flaming
Missiles
 j - 89 stones
 l - 20 sling bullets
 m - a throwing net
 q - a poisoned dart (quivered)
Armour
 d - a +3 ring mail (worn)
Jewellery
 o - a ring of protection from magic (right hand)
 p - a ring of positive energy (left hand)
Wands
 w - a wand of paralysis (7)
Scrolls
 g - a scroll of identify
 h - 2 scrolls of teleportation {unknown}
 k - a scroll of remove curse
 s - a scroll of enchant armour {unknown}
Potions
 e - 3 potions of flight
 i - a potion of mutation
 n - 2 potions of resistance
 r - 2 potions of curing
 t - a potion of might
 u - a potion of lignification
Comestibles
 f - 9 rations
 z - a chunk of flesh


   Skills:
 + Level 4.3 Fighting
 + Level 4.4 Short Blades
 + Level 1.2(1.8) Slings
 - Level 2.0(2.2) Throwing
 * Level 4.8 Armour
 - Level 3.0 Dodging
 + Level 3.3 Stealth


You had 6 spell levels left.
You didn't know any spells.
Your spell library was empty.

Dungeon Overview and Level Annotations

Branches:
Dungeon (6/15)             Temple (0/1) D:4

Altars:
Ashenzari
Dithmenos
Gozag
Nemelex Xobeh
Sif Muna
Trog
Vehumet
Xom
The Shining One


Innate Abilities, Weirdness & Mutations

You have a pair of antennae on your head.
You are partially covered in thin metallic scales. (AC +2)
A weak demonic guardian rushes to your aid.
You have large cloven feet.
You occasionally shout uncontrollably at your foes.
You expend magic power (3 MP) to strengthen your wands.


Message History

Your quasit bites the cyclops.
Your quasit claws the cyclops but does no damage. x2
The cyclops hits your quasit.
Unknown command.
You hit the cyclops. You kick the cyclops, but do no damage.
The cyclops is moderately wounded.
Your quasit bites the cyclops but does no damage.
Your quasit claws the cyclops but does no damage.
Your quasit barely misses the cyclops.
Your white imp gestures at the cyclops.
The puff of frost hits the cyclops!
Your quasit bites the cyclops but does no damage.
Your quasit completely misses the cyclops.
Your quasit barely misses the cyclops.
You hit the cyclops but do no damage. Your kick misses the cyclops.
The cyclops is heavily wounded.
Your white imp hits the cyclops but does no damage.
A hound comes into view.
The cyclops hits you!!
You die...

.#.... #...h.. ##
##.....## .#..
#.......###. .
....##........... ..
#....#.........
...##..(............
...... #...5....##=.
(.....##.#C@.##.#... .
...#.....#5..5...<. .#
.......<(.....(..####.#
##....................###
.........................
...#+##+##+#.............
...#J# { {#.............
...#+# #.....<....... ..
#.............


You could see a cyclops, a hound, a jelly, a friendly quasit and 2 friendly
white imps.

Vanquished Creatures
  Duvessa (D:4)
  An ogre (D:4)
  A centaur (D:5)
  Dowan (D:4)
  A howler monkey (D:4)
  A centaur zombie (D:5)
  A crimson imp (D:5)
  An orc wizard (D:5)
  2 bullfrog skeletons
  A hound (D:6)
  An iguana (D:4)
  2 orc priests (D:5)
  Natasha (twice) (D:4)
  4 worker ants
  Robin (D:4)
  6 adders
  An ooze (D:3)
  2 worms (D:2)
  A leopard gecko (D:3)
  An orc (D:3)
  10 bats
  6 giant cockroaches
  9 goblins
  10 hobgoblins
  6 jackals
  3 kobolds
  5 quokkas
  2 ball pythons
  5 frilled lizards
  A leopard gecko zombie (D:5)
  6 rats
95 creatures vanquished.

Vanquished Creatures (collateral kills)
  A worker ant (D:6)
1 creature vanquished.

Grand Total: 96 creatures vanquished

Notes
Turn   | Place    | Note
-------+----------+-------------------------------------------
     0 | D:1      | FishyPogo the Demonspawn Gladiator began the quest for the
                  | Orb.
     0 | D:1      | Reached XP level 1. HP: 16/16 MP: 1/1
    29 | D:1      | You fall into a shaft and drop 1 floor!
    44 | D:2      | Found a sparkling altar of Nemelex Xobeh.
    80 | D:2      | Found a glowing golden altar of the Shining One.
    93 | D:2      | Gained mutation: You are partially covered in thin metallic
                  | scales. (AC +2) [demonic ancestry]
    93 | D:2      | Reached XP level 2. HP: 6/22 MP: 2/2
   493 | D:1      | Reached skill level 1 in Armour
   924 | D:2      | Found a faded altar of an unknown god.
   932 | D:2      | Became a worshipper of Dithmenos the Shadowed
   932 | D:2      | Reached * piety under Dithmenos
  1061 | D:2      | Reached XP level 3. HP: 18/28 MP: 3/3
  1249 | D:2      | Found a shimmering altar of Xom.
  1250 | D:2      | Found an opulent altar of Gozag.
  1444 | D:3      | Reached XP level 4. HP: 25/34 MP: 4/4
  1462 | D:3      | Found a shattered altar of Ashenzari.
  1566 | D:3      | Reached skill level 1 in Stealth
  1641 | D:3      | Reached ** piety under Dithmenos
  1824 | D:3      | Found a shadowy altar of Dithmenos.
  2129 | D:4      | Noticed an ogre
  2150 | D:4      | Killed an ogre
  2150 | D:4      | Gained mutation: You have a pair of small antennae on your
                  | head. [demonic ancestry]
  2150 | D:4      | Reached XP level 5. HP: 36/41 MP: 5/5
  2206 | D:4      | Found a staircase to the Ecumenical Temple.
  2223 | D:4      | Gained mutation: You have a pair of antennae on your head.
                  | [demonic ancestry]
  2223 | D:4      | Reached XP level 6. HP: 46/47 MP: 6/6
  2249 | D:4      | Found a radiant altar of Vehumet.
  2433 | D:4      | Found a bloodstained altar of Trog.
  2704 | D:4      | Noticed Robin
  2719 | D:4      | Killed Robin
  2797 | D:4      | Noticed Natasha
  2802 | D:4      | Killed Natasha
  3259 | D:4      | Noticed Dowan
  3259 | D:4      | Noticed Natasha
  3276 | D:4      | Killed Natasha
  3278 | D:4      | Noticed Duvessa
  3351 | D:4      | Gained mutation: You expend magic power (3 MP) to
                  | strengthen your wands. [potion of mutation]
  3351 | D:4      | Gained mutation: You occasionally shout uncontrollably at
                  | your foes. [potion of mutation]
  3351 | D:4      | Gained mutation: You have large cloven feet. [potion of
                  | mutation]
  3359 | D:4      | Killed Duvessa
  3359 | D:4      | Gained mutation: A weak demonic guardian rushes to your
                  | aid. [demonic ancestry]
  3359 | D:4      | Reached XP level 7. HP: 19/53 MP: 7/7
  3364 | D:4      | Killed Dowan
  3417 | D:4      | Found a shimmering blue altar of Sif Muna.
  3642 | D:5      | Entered Level 5 of the Dungeon
  3680 | D:5      | Reached *** piety under Dithmenos
  3829 | D:5      | Found a shimmering altar of Xom.
  3893 | D:5      | Reached skill level 1 in Slings
  4586 | D:6      | Noticed a cyclops
  4726 | D:6      | Slain by a cyclops

Levels and vault maps discovered:
D:1:      saegor_arrival_miasma, layout_loops_cross
D:2:      layout_loops_ring, nicolae_overflow_crystal_walls, tso_metal_star,
          gammafunk_temple_overflow_pools, first_ration,
          chequers_ecumenical_altar_simple_redux
D:3:      layout_basic, nicolae_dithmenos_through_a_glass_darkly,
          cheibrodos_ashenzari_chains
D:4:      layout_basic, nicolae_overflow_hidden_temple, lemuel_doored_altar,
          lemuel_coloured_pillars_altar, minmay_temple_entry_waves,
          uniq_duvessa, uniq_natasha, uniq_robin
D:5:      layout_loops_ring, basic_altar
D:6:      layout_cave_pools, dk_xom_monty_hall, uniq_grinder, uniq_blork_the_orc

Skill      XL: |  1  2  3  4  5  6  7 |
---------------+----------------------+-----
Throwing       | 2 |  2.0
Armour         | 1 2 3 4 |  4.8
Dodging        | 3 |  3.0
Short Blades   | 3 4 |  4.4
Stealth        | 1 2 3 |  3.3
Fighting       | 3 4 |  4.3
Slings         | 1 |  1.2

Action                   |  1- 3 |  4- 6 |  7- 9 || total
-------------------------+-------+-------+-------++-------
Melee: Rapier            |   130 |   169 |   106 ||   405
       Kick              |       |     3 |    32 ||    35
 Fire: Hunting sling     |       |    16 |    16 ||    32
Throw: Dart              |       |     5 |     1 ||     6
       Throwing net      |       |     3 |       ||     3
       Stone             |       |       |     5 ||     5
  Use: Potion            |       |     4 |       ||     4
       Scroll            |       |       |     5 ||     5
 Stab: Sleeping          |     3 |     2 |       ||     5
  Eat: Chunk             |     2 |     5 |     5 ||    12
Armor: Leather armour    |    43 |    40 |     2 ||    85
       Ring mail         |       |       |    36 ||    36
Dodge: Dodged            |   107 |   122 |    55 ||   284
